 Dungeon Crawl Stone Soup version 0.30-a0-364-gf6b3ef1049 (webtiles) character file.

Game seed: 14178121699228461402

315 purpskrrrp the Shooter (level 6, -19/34 HPs)
             Began as a Deep Elf Hunter on Nov 14, 2022.
             Was an Initiate of Gozag.
             Killed by an exploding orc (28 damage)
             ... ignited by their inner flame
             ... on level 4 of the Dungeon.
             The game lasted 00:04:42 (1880 turns).

purpskrrrp the Shooter (Deep Elf Hunter)            Turns: 1880, Time: 00:04:42

Health: -19/34     AC:  4    Str:  8    XL:     6   Next: 20%
Magic:  8/8        EV: 13    Int: 14    God:    Gozag
Gold:   102        SH:  0    Dex: 20    Spells: 5/5 levels left

rFire   . . .      SeeInvis .    a - +0 shortbow (chaos)
rCold   . . .      Faith    .    (shield currently unavailable)
rNeg    . . .      Spirit   .    c - +1 leather armour
rPois   .          Reflect  .    (no helmet)
rElec   .          Harm     .    (no cloak)
rCorr   .          Rampage  .    (no gloves)
Will    .....                    (no boots)
Stlth   +++.......               (no amulet)
HPRegen 0.25/turn                (no ring)
MPRegen 0.11/turn                (no ring)

@: gold aura, on berserk cooldown, slowed, very slow
A: no striking features
a: Renounce Religion, Potion Petition, Call Merchant, Bribe Branch


You were on level 4 of the Dungeon.
You worshipped Gozag.
Gozag was aware of your devotion.
You visited 1 branch of the dungeon, and saw 4 of its levels.

You collected 167 gold pieces.
You paid 65 gold pieces to Gozag.

Inventory:

Hand Weapons
 a - a +0 shortbow of chaos (weapon)
Armour
 c - a +1 leather armour (worn)
Scrolls
 b - a scroll of immolation
 d - a scroll of identify
Potions
 f - a potion of ambrosia
 g - 2 potions of attraction
 h - 2 potions of might {unknown}


   Skills:
 - Level 1.5 Fighting
 * Level 7.5 Ranged Weapons
 + Level 4.1 Dodging
 * Level 5.2 Stealth


You had 5 spell levels left.
You didn't know any spells.
Your spell library contained the following spells:

 Spells                   Type           Power      Damage    Failure   Level
 Slow                     Hex            0%         N/A       38%         1
 Confusing Touch          Hex            0%         N/A       77%         3
 Vampiric Draining        Necr           0%         2d6       77%         3


Dungeon Overview and Level Annotations

Branches:
Dungeon (4/15)
 Temple: D:4-7

Altars:
Gozag
Hepliaklqana
Xom

Shops:
D:4 :


Message History

Okay, then.
The gnoll hits you with a +0 club. The gnoll attacks as you move away!
The gnoll hits you with a +0 club.
* * * LOW HITPOINT WARNING * * *
Do you really want to go berserk while wielding your +0 shortbow of chaos?
A red film seems to cover your vision as you go berserk!
You feel yourself moving faster!
You feel mighty!
The hobgoblin shouts!
The gnoll completely misses you.
You feel a strong urge to attack something.
The orc wizard gestures wildly while chanting.
The orc wizard flickers and vanishes!
Deactivating autopickup; reactivate with Ctrl-A.
You hear a shout!
You feel your anger nearly subside.
The gnoll is distracted by your dazzling golden aura.
You are no longer berserk.
You are exhausted.
You feel yourself slow down.
There is an open door here.
Really read the scroll of immolation?
As you read the scroll of immolation, it crumbles to dust.
The creatures around you are filled with an inner flame!
Fire: a) +0 shortbow (chaos)
Press: ? - help, Q - select action, (/) - cycle Shift-Dir - straight line, f/p - gnoll
Aim: a gnoll, wielding a +0 club (inner flame, unaware, hasn't noticed you, 69% to hit)
You shoot an arrow. The arrow closely misses the gnoll.
The gnoll shouts!
The arrow hits the gnoll but does no damage.
A gnoll comes into view. It is wielding a +0 club.
The gnoll moves out of view.
Fire: a) +0 shortbow (chaos)
Press: ? - help, Q - select action, (/) - cycle Shift-Dir - straight line, f/p - gnoll
Aim: a gnoll, wielding a +0 club (inner flame, 69% to hit)
You shoot an arrow. The arrow hits the orc!
The orc explodes!
The fiery explosion engulfs you!!
Ouch! That really hurt!
You die...
Your body crumbles into a pile of gold.

...........#.........
#..........##........
#..[.......##......#
....###..........#.
##### ##...##....#
#...##....#
#######....# ##
#........######Z##
#.........@§##S#§##
#.........#)#####.#
#........##$§._#g#
#.........##$g.### #
############_$g### #
###.g{# ## ###o#
.######### ..#
.........# ....


You could see 3 gnolls and an orc (inner flame).

Vanquished Creatures
  A centaur (D:4)
  2 hounds (D:4)
  3 jellies (D:4)
  3 adders (D:2)
  A worm (D:4)
  A dart slug (D:1)
  2 orcs
  5 endoplasms
  2 giant cockroaches (D:1)
  7 goblins
  4 hobgoblins
  7 jackals
  5 kobolds
  2 quokkas (D:1)
  4 ball pythons
  3 bats
  5 frilled lizards
  2 rats
59 creatures vanquished.

Notes
Turn   | Place    | Note
-------+----------+-------------------------------------------
     0 | D:1      | purpskrrrp the Deep Elf Hunter began the quest for the Orb.
     0 | D:1      | Reached XP level 1. HP: 12/12 MP: 3/3
    88 | D:1      | Reached XP level 2. HP: 16/16 MP: 4/4
   387 | D:1      | Reached XP level 3. HP: 20/20 MP: 5/5
   712 | D:2      | Reached skill level 6 in Ranged Weapons
  1018 | D:2      | Reached XP level 4. HP: 25/25 MP: 6/6
  1456 | D:3      | an orc priest changed into a glowing shapeshifter
  1456 | D:3      | Noticed a glowing shapeshifter (glowing shapeshifter)
  1456 | D:3      | a glowing shapeshifter changed into a sea snake
  1456 | D:3      | Noticed a sea snake (glowing shapeshifter)
  1462 | D:3      | a sea snake changed into a slime creature
  1462 | D:3      | Noticed a slime creature (glowing shapeshifter)
  1464 | D:3      | a slime creature changed into a glowing shapeshifter
  1464 | D:3      | Noticed a glowing shapeshifter (glowing shapeshifter)
  1465 | D:3      | a glowing shapeshifter changed into a shock serpent
  1465 | D:3      | Noticed a shock serpent (glowing shapeshifter)
  1468 | D:3      | a shock serpent changed into a slime creature
  1468 | D:3      | Noticed a slime creature (glowing shapeshifter)
  1593 | D:4      | Reached XP level 5. HP: 29/29 MP: 7/7
  1630 | D:4      | Found Yqolufe's Book Shop.
  1688 | D:4      | Noticed a centaur
  1694 | D:4      | Reached skill level 7 in Ranged Weapons
  1697 | D:4      | Killed a centaur
  1698 | D:4      | Reached skill level 5 in Stealth
  1698 | D:4      | Reached XP level 6. HP: 10/34 MP: 8/8
  1791 | D:4      | Found an opulent altar of Gozag.
  1825 | D:4      | Became a worshipper of Gozag Ym Sagoz the Greedy
  1854 | D:4      | Found a hazy altar of Hepliaklqana.
  1855 | D:4      | Found a shimmering altar of Xom.
  1856 | D:4      | Noticed a spectral ugly thing
  1880 | D:4      | Killed by an exploding orc... ignited by their inner flame

Illustrated notes

Levels and vault maps discovered:
D:1:      psy_arrival_fountain, layout_basic
D:2:      layout_basic
D:3:      layout_basic, nicolae_tso_besieged_by_evil, serial_shops, shop,
          corexii_leaking_fountain, nicolae_concentric_dashed_squares_wild
D:4:      layout_basic, regret_index_temple_of_mockery,
          mainiacjoe_overflow_tiny_flanked, serial_glass, glass_columns_a,
          glass_columns_a, serial_shops, nicolae_shop_waterfront, st_stairs_14,
          uniq_robin

Skill      XL: |  1  2  3  4  5 |
---------------+----------------+-----
Stealth        | 2 3 4 5 |  5.2
Dodging        | 3 4 |  4.1
Ranged Weapons | 6 7 |  7.5
Fighting       | |  1.5

Action                   |  1- 3 |  4- 6 || total
-------------------------+-------+-------++-------
 Fire: Shortbow          |    96 |    59 ||   155
  Use: Scroll            |     4 |     4 ||     8
       Potion            |       |     2 ||     2
Armor: Leather armour    |    18 |     4 ||    22
Dodge: Dodged            |    31 |    36 ||    67

Table legend: (Time is in decaauts)
 A = Elapsed time spent in this place.
 B = Non-inter-level travel time spent in this place.
 C = Inter-level travel time spent in this place.
 D = Time resting spent in this place.
 E = Time spent auto-exploring this place.
 F = Levels seen in this place.
 G = Mean time per level.
                   A        B        C        D        E       F      G
               +--------+--------+--------+--------+--------+-----+--------+
         Total |   1928 |   1907 |     21 |    236 |   1332 |   4 |  482.0 |
       Dungeon |   1928 |   1907 |     21 |    236 |   1332 |   4 |  482.0 |
               +--------+--------+--------+--------+--------+-----+--------+

Top non-repeatable levels by time:
     D:2: 693 daAuts
     D:1: 692 daAuts
     D:4: 428 daAuts
     D:3: 114 daAuts
